 Dungeon Crawl Stone Soup version 0.25.0-9-g26727b657a (webtiles) character file.

Game seed: 9982673482362951085

61624 Lekan the Peltast (level 14, 0/129 HPs)
             Began as a Minotaur Fighter on June 21, 2020.
             Was a High Priest of Okawaru.
             Succumbed to a naga warrior's splash of poison
             ... on level 1 of the Snake Pit.
             The game lasted 02:16:21 (26393 turns).

Lekan the Peltast (Minotaur Fighter)               Turns: 26393, Time: 02:16:22

Health: 0/129      AC: 26    Str: 27    XL:     14   Next: 61%
Magic:  14/14      EV: 11    Int:  1    God:    Okawaru [*****.]
Gold:   1278       SH: 20    Dex: 15    Spells: 13/13 levels left

rFire    . . .     SeeInvis +   K - +7 mace "Embalmer" {vorpal, *Noise +Fly Str+3 SInv}
rCold    . . .     Gourm    .   c - +0 kite shield
rNeg     + . .     Faith    .   V - +6 plate armour "Hoqaffe" {+Blink MR+ rCorr Int-4}
rPois    .         Spirit   .   Q - +1 hat of Puorriug {-Cast Regen+ SInv}
rElec    .         Reflect  +   b - scarf {+Inv}
rCorr    +         Harm     .   F - +2 pair of gloves {Dex+3}
MR       ++...     NoCast   +   (no boots)
Stlth    ..........             j - amulet of reflection
HPRegen  0.71/turn              z - ring of see invisible
MPRegen  0.14/turn              J - ring of positive energy

@: mighty, brilliant, lethally poisoned (0 -> -3), berserk cooldown, stab, very
slightly contaminated, slowed, studying Stealth, invisible, very slow
A: retaliatory headbutt, horns 2
a: Heroism, Finesse, Renounce Religion, Evoke Blink, Evoke Flight


You were on level 1 of the Snake Pit.
You worshipped Okawaru.
Okawaru was extremely pleased with you.
You were near starving.

You visited 5 branches of the dungeon, and saw 20 of its levels.

You collected 1278 gold pieces.

Inventory:

Hand Weapons
 I - the +5 spear of the Mosquito {elec, rPois}
   (You took it off a spriggan rider on level 4 of the Lair of Beasts)

   Occasionally, upon striking a foe, it will discharge some electrical energy
   and cause terrible harm.
   It protects you from poison.
 K - the +7 mace "Embalmer" (weapon) {vorpal, *Noise +Fly Str+3 SInv}
   (You found it on level 9 of the Dungeon)

   It inflicts extra damage upon your enemies.
   It affects your strength (+3).
   It lets you see invisible.
   It lets you fly.
   It may make noises in combat.
 S - a +3 morningstar of holy wrath
Missiles
 y - 15 poisoned darts (quivered)
 L - 9 datura-tipped darts
 M - 7 atropa-tipped darts
Armour
 b - a scarf of invisibility (worn)
 c - a +0 kite shield (worn)
 l - a +0 pair of gloves
 B - a +0 buckler
 F - a +2 pair of gloves of dexterity (worn)
 Q - the +1 hat of Puorriug (worn) {-Cast Regen+ SInv}
   (Okawaru gifted it to you on level 4 of the Lair of Beasts)

   It lets you see invisible.
   It prevents spellcasting.
   It increases your rate of regeneration.
 V - the +6 plate armour "Hoqaffe" (worn) {+Blink MR+ rCorr Int-4}
   (Okawaru gifted it to you on level 6 of the Lair of Beasts)

   It affects your intelligence (-4).
   It affects your resistance to hostile enchantments.
   It lets you blink.
   It provides partial protection from all sources of acid and corrosion.
Jewellery
 j - an amulet of reflection (around neck)
 z - a ring of see invisible (left hand)
 J - a ring of positive energy (right hand)
Wands
 n - a wand of clouds (6)
 t - a wand of flame (62)
 u - a wand of iceblast (17)
 v - a wand of digging (5)
 A - a wand of paralysis (18)
 G - a wand of disintegration (29)
 H - a wand of polymorph (7)
 U - a wand of enslavement (12)
Scrolls
 e - 8 scrolls of identify
 g - 7 scrolls of teleportation
 i - 9 scrolls of enchant weapon
 k - a scroll of vulnerability {unknown}
 m - 2 scrolls of magic mapping
 o - 10 scrolls of remove curse
 r - a scroll of amnesia
 T - a scroll of brand weapon
 Y - a scroll of enchant armour {unknown}
Potions
 d - a potion of might
 h - a potion of invisibility
 p - 2 potions of magic
 w - 4 potions of lignification
Books
 X - a manual of Stealth
Miscellaneous
 a - a lightning rod (4/4)
Comestibles
 f - 34 rations


   Skills:
 * Level 13.0 Fighting
   Level 8.0 Short Blades
 + Level 14.3 Maces & Flails
 + Level 0.5 Polearms
 + Level 4.6 Throwing
 + Level 13.7 Armour
 + Level 5.9 Dodging
 + Level 2.9 Stealth
 + Level 15.1 Shields
 + Level 2.1 Invocations
 + Level 0.6 Evocations


You had 13 spell levels left.
You didn't know any spells.
Your spell library contained the following spells:

 Spells                   Type           Power        Failure   Level  Hunger
 Magic Dart               Conj           #...         99%         1    None
 Confusing Touch          Hex            #.......     100%        3    None
 Frozen Ramparts          Ice            #.....       100%        3    None
 Gell's Gravitas          Tloc           #.........   100%        3    None
 Stone Arrow              Conj/Erth      #.....       100%        3    None
 Cause Fear               Hex            #.........   100%        4    None
 Petrify                  Tmut/Erth      #.......     100%        4    None
 Summon Ice Beast         Ice/Summ       #.......     100%        4    None
 Bolt of Magma            Conj/Fire/Erth #.........   100%        5    None
 Irradiate                Conj/Tmut      #.........   100%        5    None
 Iskenderun's Battlesphe  Conj/Chrm      #.......     100%        5    None
 Metabolic Englaciation   Hex/Ice        #.........   100%        5    None
 Silence                  Hex/Air        #.........   100%        5    None
 Yara's Violent Unravell  Hex/Tmut       #.........   100%        5    None
 Iron Shot                Conj/Erth      #.........   100%        6    None
 Orb of Destruction       Conj           #.........   100%        7    None
 Spellforged Servitor     Conj/Summ      #.........   100%        7    None
 Discord                  Hex            #.........   100%        8    None


Dungeon Overview and Level Annotations

Branches:
Dungeon (9/15)             Temple (1/1) D:5            Lair (6/6) D:9
  Swamp (3/4) Lair:4        Snake (1/4) Lair:4        Slime (0/5) Lair:6
    Orc: D:9-12

Altars:
Ashenzari
Cheibriados
Dithmenos
Elyvilon
Fedhas
Gozag
Hepliaklqana
Kikubaaqudgha
Makhleb
Nemelex Xobeh
Okawaru
Qazlal
Ru
Sif Muna
Trog
Uskayaw
Vehumet
Wu Jian
Xom
Yredelemnul
Zin
The Shining One

Shops:
D:5 *   D:7 [

Annotations:
D:7 exclusion: 2 doors
Swamp:3 Mara


Innate Abilities, Weirdness & Mutations

You reflexively headbutt those who attack you in melee.
You have a pair of horns on your head.


Message History

You feel very sick.
* * * LOW HITPOINT WARNING * * *
You feel sick.
It was a potion of stabbing.
You feel ready to backstab.
* * * LOW HITPOINT WARNING * * *
You feel sick.
It was a potion of brilliance.
You feel clever all of a sudden.
* * * LOW HITPOINT WARNING * * *
You feel sick.
Remove which piece of jewellery? (? for menu, Esc to quit)
Okay, then.
Okay, then.
The +5 spear of the Mosquito {elec, rPois} stops crackling.
You feel stronger.
K - the +7 mace "Embalmer" (weapon)
{vorpal, *Noise +Fly Str+3 SInv}
* * * LOW HITPOINT WARNING * * *
You feel sick.
You die...

### #.. ..#
#.. ..
###..
###.##...
##....#..
#.....#.#
#.......###
#.....)@.#
#........#
####.....#
#.##### ...
..^. #....
#...#


There were no monsters in sight!

Vanquished Creatures
  The ghost of Beldrama the Fencer, a journeyman MiFi of Hepliaklqana (Lair:5)
  A dire elephant (Lair:2)
  The ghost of brob1 the Fighter, a journeyman DrTm of Dithmenos (Lair:4)
  A naga warrior (Snake:1)
  9 hydras
  A shambling mangrove (Swamp:2)
  3 catoblepae (Lair:6)
  A dancing weapon (Lair:4)
  An anaconda (Snake:1)
  4 alligators
  8 death yaks (Lair:6)
  A swamp dragon (Swamp:1)
  A lindwurm (Lair:2)
  2 manticores (Lair:6)
  An ugly thing (D:7)
  12 black mambas
  6 elephants
  2 rime drakes
  17 spiny frogs
  9 komodo dragons
  5 tyrant leeches
  A polar bear (Lair:4)
  4 bog bodies
  6 slime creatures
  7 hornets
  6 hippogriffs
  9 blink frogs
  6 dream sheep (Lair:6)
  22 yaks
  A wyvern (Lair:4)
  4 spriggans
  Grum (D:8)
  4 basilisks
  10 vampire mosquitoes
  3 insubstantial wisps (Swamp:1)
  3 nagas (Lair:4)
  10 swamp worms
  5 swamp drakes
  5 porcupines
  12 water moccasins
  3 phantoms
  2 sky beasts
  2 ice beasts
  2 black bears
  A necrophage (D:6)
  A boggart (Lair:5)
  8 wolves
  4 ogres
  2 centaurs
  7 crocodiles
  A big kobold (D:3)
  11 bullfrogs
  A gnoll sergeant (D:7)
  6 scorpions
  3 wights (D:7)
  3 electric eels
  7 crimson imps
  4 hounds
  A bullfrog skeleton (D:6)
  3 centaur zombies
  2 orc priests (D:8)
  5 bullfrog zombies
  16 jellies
  An orc wizard (D:8)
  Natasha (thrice) (D:2)
  4 iguanas
  7 worker ants
  A killer bee zombie (D:7)
  A hound skeleton (D:5)
  Robin (D:3)
  3 gnolls
  10 adders
  2 shadow imps
  3 oozes
  3 adder skeletons
  4 worms
  2 dart slugs
  3 leopard geckos
  11 orcs
  7 giant cockroaches
  20 goblins
  13 hobgoblins
  14 jackals
  5 kobolds
  4 quokkas
  2 ball pythons (D:3)
  7 bats
  2 frilled lizards
  A giant cockroach zombie (D:5)
  A quokka skeleton (D:8)
  A quokka zombie (D:5)
  13 rats
  4 fungi
454 creatures vanquished.

Vanquished Creatures (collateral kills)
  A spriggan (Lair:5)
1 creature vanquished.

Vanquished Creatures (others)
  4 fungi
  20 plants
  13 toadstools (Lair:2)
37 creatures vanquished.

Grand Total: 492 creatures vanquished

Notes
Turn   | Place    | Note
-------+----------+-------------------------------------------
     0 | D:1      | Lekan the Minotaur Fighter began the quest for the Orb.
     0 | D:1      | Reached XP level 1. HP: 19/19 MP: 0/0
   851 | D:2      | Reached XP level 2. HP: 27/27 MP: 1/1
   969 | D:2      | Noticed Natasha
   974 | D:2      | Killed Natasha
   974 | D:2      | Reached XP level 3. HP: 32/33 MP: 2/2
  1088 | D:2      | Noticed Natasha
  1095 | D:2      | Killed Natasha
  1095 | D:2      | Reached skill level 1 in Short Blades
  1095 | D:2      | Reached skill level 1 in Dodging
  1095 | D:2      | Reached skill level 4 in Shields
  1095 | D:2      | Reached XP level 4. HP: 30/40 MP: 3/3
  1210 | D:2      | Noticed Natasha
  1218 | D:2      | Killed Natasha
  1667 | D:2      | Reached XP level 5. HP: 44/46 MP: 4/4
  2160 | D:3      | Found an ancient bone altar of Kikubaaqudgha.
  2562 | D:3      | Found a blossoming altar of Fedhas.
  2727 | D:3      | Reached skill level 5 in Shields
  2782 | D:3      | Noticed Robin
  2787 | D:3      | Reached XP level 6. HP: 52/53 MP: 5/5
  2792 | D:3      | Killed Robin
  3690 | D:4      | Found a snail-covered altar of Cheibriados.
  4028 | D:4      | Reached skill level 5 in Armour
  4076 | D:4      | Reached XP level 7. HP: 37/60 MP: 6/6
  4239 | D:4      | Reached skill level 1 in Stealth
  4487 | D:5      | Entered Level 5 of the Dungeon
  4511 | D:5      | Found Awnutsau's Assorted Antiques.
  4670 | D:5      | Found a staircase to the Ecumenical Temple.
  4702 | D:5      | Reached skill level 5 in Fighting
  4702 | D:5      | Reached skill level 1 in Throwing
  4702 | D:5      | Reached skill level 6 in Shields
  4891 | Temple   | Entered the Ecumenical Temple
  5113 | Temple   | Became a worshipper of Warmaster Okawaru
  5207 | D:5      | Reached skill level 5 in Short Blades
  5207 | D:5      | Reached XP level 8. HP: 65/68 MP: 7/7
  5331 | D:5      | Noticed a moth of wrath
  5338 | D:5      | Found a bloodstained altar of Trog.
  6087 | D:6      | Reached * piety under Okawaru
  6317 | D:6      | Reached skill level 7 in Shields
  6820 | D:6      | Reached XP level 9. HP: 66/75 MP: 8/8
  7222 | D:7      | Found Qithra Coix's Antique Armour Shop.
  7655 | D:7      | Reached ** piety under Okawaru
  7655 | D:7      | Reached skill level 8 in Shields
  7743 | D:7      | Found a shattered altar of Ashenzari.
  9256 | D:8      | Reached skill level 9 in Shields
  9506 | D:8      | Noticed a red ugly thing
  9566 | D:7      | Killed a red ugly thing
  9566 | D:7      | Reached *** piety under Okawaru
  9688 | D:8      | Noticed Grum
  9725 | D:8      | Reached XP level 10. HP: 74/83 MP: 9/9
  9738 | D:8      | Killed Grum
 10088 | D:8      | Found a sparkling altar of Nemelex Xobeh.
 10463 | D:9      | Found a staircase to the Lair.
 10472 | D:9      | Received a gift from Okawaru
 11019 | D:9      | Identified the +7 mace "Embalmer" {vorpal, *Noise +Fly
                  | Str+3 SInv} (You found it on level 9 of the Dungeon)
 11308 | Lair:1   | Entered Level 1 of the Lair of Beasts
 11315 | Lair:1   | Reached skill level 10 in Shields
 11320 | Lair:1   | Reached skill level 10 in Armour
 11710 | Lair:1   | Reached **** piety under Okawaru
 12061 | Lair:1   | Reached skill level 5 in Maces & Flails
 12206 | Lair:1   | Noticed a five-headed hydra
 12216 | Lair:1   | Killed a five-headed hydra
 12216 | Lair:1   | Received a gift from Okawaru
 12370 | Lair:1   | Noticed a six-headed hydra
 12377 | Lair:1   | Killed a six-headed hydra
 12377 | Lair:1   | Reached XP level 11. HP: 60/92 MP: 10/10
 13390 | Lair:2   | Reached ***** piety under Okawaru
 13963 | Lair:2   | Noticed a four-headed hydra
 13972 | Lair:2   | Killed a four-headed hydra
 14346 | Lair:2   | Noticed a lindwurm
 14346 | Lair:2   | Noticed a dire elephant
 14367 | Lair:2   | Found a runed translucent door.
 14484 | Lair:2   | HP: 7/141 [dire elephant (19)]
 14491 | Lair:2   | HP: 5/141 [dire elephant (16)]
 14493 | Lair:2   | HP: 2/141 [dire elephant (4)]
 14497 | Lair:2   | Killed a dire elephant
 14497 | Lair:2   | Reached skill level 11 in Shields
 14899 | Lair:2   | Killed a lindwurm
 14899 | Lair:2   | Reached skill level 1 in Invocations
 15252 | Lair:2   | Received a gift from Okawaru
 15252 | Lair:2   | Reached skill level 10 in Maces & Flails
 15751 | Lair:2   | Identified the Disquisition on Icy Attacks
 15958 | Lair:3   | Noticed a four-headed hydra
 15966 | Lair:3   | Killed a four-headed hydra
 16105 | Lair:3   | Reached ****** piety under Okawaru
 16105 | Lair:3   | Received a gift from Okawaru
 16184 | Lair:3   | You fall into a shaft and drop 1 floor!
 16233 | Lair:3   | Reached XP level 12. HP: 103/103 MP: 11/11
 17149 | Lair:4   | Noticed a five-headed hydra
 17555 | Lair:3   | Killed a five-headed hydra
 17599 | Lair:4   | Found a staircase to the Snake Pit.
 17824 | Lair:4   | Found a staircase to the Swamp.
 18380 | Lair:4   | Found a runed translucent door.
 18384 | Lair:4   | Found a shimmering altar of Xom.
 18384 | Lair:4   | Noticed brob1's ghost (journeyman DrTm)
 18390 | Lair:4   | Paralysed by a +0 rapier of chaos for 2 turns
 18412 | Lair:4   | Killed brob1's ghost
 18412 | Lair:4   | Received a gift from Okawaru
 18412 | Lair:4   | Reached skill level 5 in Dodging
 18415 | Lair:4   | Got a faintly glowing hat {god gift}
 18420 | Lair:4   | Identified the +1 hat of Puorriug {-Cast Regen+ SInv}
                  | (Okawaru gifted it to you on level 4 of the Lair of Beasts)
 18994 | Lair:4   | Identified the +1 morningstar of the Tent {vorpal, Str+4}
                  | (You found it on level 4 of the Lair of Beasts)
 19236 | Lair:5   | Found a runed translucent door.
 19239 | Lair:5   | Noticed Beldrama's ghost (journeyman MiFi)
 19389 | Lair:5   | Reached skill level 12 in Shields
 19785 | Lair:5   | Reached skill level 10 in Fighting
 20059 | Lair:5   | Identified the +5 spear of the Mosquito {elec, rPois}
 20296 | Lair:5   | Killed Beldrama's ghost
 20538 | Lair:5   | Paralysed by a hornet for 1 turns
 20807 | Lair:6   | Entered Level 6 of the Lair of Beasts
 20955 | Lair:6   | Reached XP level 13. HP: 112/113 MP: 13/13
 20957 | Lair:6   | Found a staircase to the Slime Pits.
 21309 | Lair:6   | Received a gift from Okawaru
 22346 | Lair:6   | Reached skill level 13 in Shields
 22739 | Lair:6   | Received a gift from Okawaru
 22754 | Lair:6   | Got a slimy plate armour {god gift}
 22765 | Lair:6   | Identified the +6 plate armour "Hoqaffe" {+Blink MR+ rCorr
                  | Int-4} (Okawaru gifted it to you on level 6 of the Lair of
                  | Beasts)
 23268 | Swamp:1  | Entered Level 1 of the Swamp
 23524 | Swamp:1  | Reached XP level 14. HP: 126/126 MP: 14/14
 24161 | Swamp:1  | Reached skill level 14 in Shields
 24278 | Swamp:1  | Received a gift from Okawaru
 24396 | Swamp:2  | Received a gift from Okawaru
 24504 | Swamp:2  | Paralysed by a hornet for 1 turns
 25805 | Swamp:3  | Reached skill level 15 in Shields
 26002 | Swamp:3  | Noticed Mara
 26049 | Swamp:3  | Noticed Lekan's illusion
 26334 | Snake:1  | Entered Level 1 of the Snake Pit
 26387 | Snake:1  | HP: 6/129 [poisoned by a naga warrior (splash of poison)]
 26390 | Snake:1  | HP: 2/129 [poisoned by a naga warrior (splash of poison)]
 26393 | Snake:1  | Succumbed to a naga warrior's splash of poison

Illustrated notes

Levels and vault maps discovered:
D:1:      minmay_arrival_doors, layout_loops_corners, hex_medium
D:2:      layout_loops_corners, minmay_goblin_outpost, uniq_natasha
D:3:      layout_loops_cross, kiku_gazebo_garden_becter,
          overflow_temple_1_default, minmay_divided_ellipse, uniq_robin
D:4:      layout_basic, first_ration, kennysheep_slug_shrine
D:5:      layout_rooms, tgw_trog, minmay_temple_entry_large_hall, serial_shops,
          shop, minmay_misc_feat_rows
D:6:      layout_basic
D:7:      cheibrodos_two_vegetables, layout_rooms, cheibrodos_ashenzari_chains,
          serial_shops, nicolae_shop_behind_doors
D:8:      layout_loops_ring, grunt_ogre_cave, nemelex_spade_bored_becter,
          uniq_grum
D:9:      layout_small_grid, dpeg_oklobed_lair, nicolae_sextant
Temple:   dpeg_five_rooms_temple
Lair:1:   layout_regular_city, gauntlet_entry_generic, minivault_27,
          lemuel_fruit_tree
Lair:2:   gammafunk_lair_enchanted_lake, layout_cave_pods
Lair:3:   layout_loops_ring, serial_bayou_pond_e
Lair:4:   layout_long_grid, skrybe_swamp_entry_bodies,
          minmay_snake_entry_guardpost_small, ebering_ghost_xom,
          minmay_stone_trees_small
Lair:5:   layout_gridlike, ebering_ghost_funeral_grove, serial_bayou_lake_a,
          lemuel_fruit_fields
Lair:6:   evilmike_catoblepas_cave, layout_gridlike,
          minmay_slime_entry_jelly_boxes, grunt_megastairs_3,
          infiniplex_staircase_pool
Swamp:1:  layout_falls_marsh, evilmike_swamp_ruin_house_2
Swamp:2:  layout_basic_swamp, evilmike_swamp_ruin_house_4, swamp_pool1
Swamp:3:  layout_falls_marsh, evilmike_swamp_ruin_house_1, uniq_mara
Snake:1:  layout_honeycomb, serial_shops, shop, uniq_azrael

Skill      XL: |  1  2  3  4  5  6  7  8  9 10 11 12 13 14 |
---------------+-------------------------------------------+-----
Fighting       | 4 5 6 7 8 10 12 13 | 13.0
Armour         | 4 5 6 7 9 10 11 12 13 | 13.7
Short Blades   | 1 3 4 5 6 7 8 |  8.0
Dodging        | 1 2 3 4 5 |  5.9
Shields        | 4 5 6 7 9 10 11 12 13 15 | 15.1
Maces & Flails | 3 6 10 12 14 | 14.3
Stealth        | 1 2 |  2.9
Throwing       | 1 2 3 4 |  4.6
Invocations    | 1 2 |  2.1
Polearms       | |  0.5
Evocations     | |  0.6

Action                   |  1- 3 |  4- 6 |  7- 9 | 10-12 | 13-15 || total
-------------------------+-------+-------+-------+-------+-------++-------
Melee: Flail             |     7 |       |       |       |       ||     7
       Short sword       |    18 |   179 |   393 |    83 |       ||   673
       Headbutt          |     5 |    29 |    76 |   154 |   205 ||   469
       Mace              |       |       |       |   495 |   743 ||  1238
       Spear             |       |       |       |       |     2 ||     2
Throw: Boomerang         |    10 |     3 |    16 |     6 |       ||    35
       Dart              |       |       |     5 |    15 |    19 ||    39
Invok: Heroism           |       |       |     1 |    12 |    10 ||    23
       Finesse           |       |       |       |       |     3 ||     3
 Abil: Evoke Blink       |       |       |       |       |     2 ||     2
       Evoke Flight      |       |       |       |       |     1 ||     1
Evoke: Wand              |       |       |       |       |     1 ||     1
  Use: Scroll            |       |       |     9 |    17 |     7 ||    33
       Potion            |       |       |     3 |    12 |    14 ||    29
 Stab: Distracted        |       |       |       |     1 |       ||     1
       Confused          |       |       |       |       |     1 ||     1
  Eat: Chunk             |       |    10 |     8 |    15 |    10 ||    43
       Ration            |       |       |     3 |     6 |     2 ||    11
Armor: Scale mail        |    10 |    52 |    26 |       |       ||    88
       Chain mail        |       |       |   104 |   200 |    44 ||   348
       Skin              |       |       |       |    10 |       ||    10
       Plate armour      |       |       |       |       |   194 ||   194
Dodge: Dodged            |    10 |    46 |   117 |   175 |   211 ||   559
Block: Kite shield       |     6 |    70 |   222 |   349 |   596 ||  1243
       Reflection        |       |       |       |       |     9 ||     9
